Map: [ESL] Stargazers

Players

Serral

  • Race: Zerg Zerg
  • Spawn Location: 1:00

Reynor - Winner!

  • Race: Zerg Zerg
  • Spawn Location: 11:00

Event: DreamHack SC2 Masters 2022 Atlanta (Online)

VOD

Have the link to the VOD?

Description

Time

  • Played on: Oct. 15, 2022, 1:21 p.m.
  • Length: 10:38

All games in this series

Show
View Real Time Build Order
Export as new Build Order

Serral Zerg 

Build Orders: Hatch First, Roach Nydus 

Get SALT Encoding   

  12  0:00  Drone  
  13  0:11  Overlord  
  13  0:17  Drone  
  14  0:30  Drone x2  
  16  0:48  Hatchery  
  15  0:51  Drone  
  15  0:55  Drone  
  17  0:58  Drone  
  18  1:09  Extractor  
  17  1:13  Spawning Pool  
  17  1:17  Drone  
  17  1:20  Drone  
  18  1:27  Drone  
  19  1:38  Drone  
  20  1:48  Drone  
  21  2:00  Queen x2  
  26  2:01  Zergling x2  
  26  2:02  Overlord  
  26  2:10  Drone  
  26  2:11  Metabolic Boost, Drone  
  28  2:21  Drone  
  28  2:22  Drone  
  30  2:33  Hatchery  
  30  2:36  Drone  
  30  2:38  Drone  
  31  2:44  Drone  
  31  2:46  Baneling Nest  
  31  2:49  Overlord  
  31  2:55  Drone  
  31  2:56  Drone  
  33  3:01  Queen  
  34  3:05  Zergling x2  
  34  3:09  Drone x3  
  38  3:13  Zergling x2  
  38  3:14  Zergling x2  
  38  3:17  Overlord  
  40  3:21  Zergling x2  
  40  3:22  Drone  
  40  3:25  Drone  
  43  3:30  Baneling  
  43  3:32  Drone  
  44  3:35  Evolution Chamber  
  44  3:36  Zergling x2  
  44  3:39  Drone x2  
  44  3:40  Drone x2  
  48  3:43  Drone x2  
  50  3:49  Lair  
  50  3:51  Extractor  
  50  3:52  Overlord  
  49  3:56  Drone  
  49  4:01  Roach Warren  
  49  4:04  Drone  
  49  4:08  Drone x2  
  52  4:10  Drone  
  52  4:12  Drone  
  52  4:16  Overlord  
  52  4:17  Drone  
  55  4:23  Drone x2  
  56  4:26  Overlord  
  56  4:27  Extractor  
  56  4:30  Extractor  
  54  4:42  Roach  
  54  4:43  Roach x8  
  54  4:45  Overlord  
  72  4:51  Queen  
  74  4:57  Nydus Network  
  74  4:59  Roach  
  75  5:04  Roach  
  75  5:05  Roach  
  75  5:07  Roach  
  81  5:12  Roach x2  
  81  5:13  Roach  
  86  5:16  Roach  
  86  5:18  Overlord  
  88  5:25  Roach  
  88  5:26  Overlord  
  88  5:34  Nydus Canal  
  89  5:35  Roach  
  89  5:40  Overlord  
  89  5:41  Roach x2, Overlord  
  93  5:50  Nydus Canal, Roach x2  
  93  5:51  Roach  
  99  6:00  Roach x2  
  99  6:01  Roach x2  
  103  6:04  Roach  
  103  6:07  Roach  
  103  6:10  Roach  
  103  6:14  Roach x2  
  103  6:20  Roach  
  103  6:23  Roach x2  
  97  6:26  Roach  
  97  6:30  Zerg Missile Weapons Level 1  
  91  6:34  Roach x2  
  91  6:36  Roach  
  91  6:37  Roach  
  99  6:44  Glial Reconstitution  
  99  6:46  Roach  
  101  6:57  Queen x2  
  101  7:00  Overseer  
  105  7:01  Drone x3  
  105  7:02  Drone  
  105  7:08  Drone x4  
  113  7:09  Overseer  
  113  7:21  Nydus Canal, Overlord  
  113  7:25  Overlord x3  
  113  7:29  Overlord x2  
  113  7:38  Spire  
  113  7:42  Drone, Extractor  
  113  7:43  Drone x2, Extractor  
  114  7:44  Drone x2  
  114  7:45  Drone  
  114  7:50  Roach x2  
  120  7:52  Roach  
  126  7:58  Roach x2  
  126  8:01  Roach  
  128  8:06  Ravager  
  128  8:07  Ravager x2  
  128  8:08  Roach x2  
  128  8:09  Roach x2  
  128  8:12  Ravager  
  140  8:23  Drone x2  
  142  8:43  Drone x6  
  148  8:49  Mutalisk  
  148  8:50  Hatchery, Mutalisk x4  
  148  8:53  Mutalisk  
  148  8:55  Mutalisk  
  161  8:58  Overlord x2  
  161  8:59  Spore Crawler  
  161  9:08  Overlord x2  
  161  9:15  Overlord  
  161  9:16  Mutalisk  
  161  9:17  Mutalisk x2  
  161  9:23  Overlord  
  167  9:26  Mutalisk  
  169  9:33  Zergling x2  
  170  9:38  Mutalisk x2  
  174  9:49  Mutalisk x2  
  174  9:52  Roach x3  
  160  9:54  Roach  
  160  9:55  Roach  
  160  9:58  Roach  
  134  10:00  Roach x2  
  134  10:03  Roach  
  134  10:04  Roach  
  115  10:07  Evolution Chamber  
  115  10:12  Roach x2  
Show
View Real Time Build Order
Export as new Build Order

Reynor Zerg - Winner!

Build Orders: Hatch First 

Get SALT Encoding   

  12  0:00  Drone  
  13  0:12  Overlord  
  13  0:16  Drone  
  14  0:30  Drone x2  
  16  0:46  Hatchery  
  15  0:50  Drone  
  15  0:54  Drone  
  17  0:57  Drone  
  18  1:08  Extractor  
  17  1:13  Spawning Pool  
  17  1:15  Drone  
  17  1:18  Drone  
  18  1:27  Drone  
  19  1:38  Drone  
  20  1:49  Drone  
  21  1:59  Queen x2  
  21  2:00  Overlord  
  25  2:01  Drone  
  26  2:09  Drone  
  26  2:10  Zergling x2  
  28  2:19  Drone  
  28  2:21  Drone  
  30  2:26  Hatchery  
  29  2:30  Drone  
  29  2:31  Drone  
  29  2:36  Queen  
  31  2:41  Drone  
  31  2:42  Drone  
  35  2:46  Baneling Nest  
  34  2:52  Overlord  
  34  2:53  Drone  
  35  3:02  Drone  
  36  3:07  Overlord  
  36  3:09  Queen  
  36  3:10  Drone  
  36  3:11  Drone  
  40  3:13  Drone x2  
  40  3:14  Zergling x2  
  40  3:17  Zergling x2  
  44  3:20  Overlord  
  44  3:26  Drone  
  45  3:27  Evolution Chamber  
  45  3:30  Drone  
  45  3:32  Drone  
  45  3:33  Baneling  
  46  3:39  Drone  
  46  3:40  Drone x2  
  46  3:41  Drone  
  50  3:42  Drone x2  
  50  3:47  Drone x2  
  50  3:48  Overlord  
  54  3:49  Drone  
  54  3:53  Zerg Missile Weapons Level 1  
  55  3:58  Roach Warren  
  55  4:02  Drone x3  
  57  4:04  Drone  
  57  4:06  Drone  
  59  4:10  Drone  
  59  4:11  Lair  
  59  4:15  Drone x3  
  59  4:16  Drone  
  64  4:18  Extractor  
  64  4:20  Extractor  
  64  4:21  Drone x2  
  64  4:22  Drone  
  64  4:24  Overlord  
  64  4:27  Baneling  
  64  4:28  Drone x2  
  64  4:30  Overlord  
  66  4:39  Overlord  
  66  4:40  Drone  
  66  4:41  Drone x2  
  66  4:42  Drone x2  
  66  4:44  Overlord, Extractor  
  70  4:49  Drone x2  
  70  4:50  Extractor  
  70  4:52  Extractor  
  70  4:53  Overlord  
  70  4:57  Drone x3  
  70  4:59  Drone x3  
  76  5:00  Overlord  
  76  5:05  Roach x2  
  80  5:09  Roach x2  
  80  5:13  Overlord  
  84  5:14  Drone x2  
  86  5:21  Drone  
  86  5:23  Spire  
  86  5:26  Overlord  
  86  5:31  Roach x7  
  100  5:37  Roach  
  100  5:39  Overlord  
  100  5:40  Hatchery  
  100  5:41  Roach x2  
  100  5:42  Roach  
  108  5:44  Spine Crawler  
  108  5:45  Ravager x2  
  108  5:46  Roach  
  108  5:49  Roach x2  
  115  5:51  Overlord  
  115  5:53  Roach  
  115  5:56  Roach  
  121  5:57  Roach  
  121  6:00  Roach  
  120  6:04  Roach x3  
  120  6:08  Roach  
  120  6:09  Roach  
  112  6:14  Roach x2  
  112  6:17  Roach x2  
  110  6:19  Roach  
  110  6:24  Roach  
  104  6:29  Roach x2  
  100  6:33  Glial Reconstitution  
  100  6:38  Roach x2  
  104  6:46  Ravager  
  105  6:47  Roach  
  105  6:49  Roach  
  105  6:53  Roach  
  107  7:02  Queen  
  107  7:03  Drone, Spire  
  107  7:04  Drone  
  107  7:06  Drone  
  111  7:08  Drone  
  111  7:11  Drone  
  111  7:12  Drone  
  111  7:13  Drone  
  115  7:17  Zerg Missile Weapons Level 2  
  115  7:19  Drone  
  115  7:21  Drone x2  
  116  7:25  Roach  
  118  7:32  Roach x2  
  118  7:35  Roach  
  124  7:42  Roach x2  
  128  7:47  Drone x3  
  128  7:48  Extractor  
  128  7:49  Extractor  
  129  7:52  Overlord  
  129  7:53  Drone  
  129  7:57  Drone  
  131  8:00  Drone  
  131  8:01  Overlord  
  131  8:04  Drone x2  
  134  8:06  Drone  
  134  8:10  Hatchery  
  134  8:12  Overlord  
  134  8:16  Mutalisk x3  
  134  8:17  Roach x2  
  134  8:19  Roach x3  
  150  8:20  Ravager x2  
  150  8:23  Roach  
  150  8:26  Roach x3  
  160  8:29  Roach  
  160  8:32  Overlord  
  162  8:36  Mutalisk  
  162  8:40  Roach  
  166  8:43  Overlord  
  166  8:46  Mutalisk  
  166  8:47  Mutalisk  
  170  8:49  Overlord  
  170  8:53  Drone x2  
  172  8:56  Roach x5  
  172  8:57  Overlord  
  172  9:01  Roach x2  
  186  9:05  Overlord  
  186  9:06  Roach  
  188  9:11  Roach  
  188  9:13  Roach  
  188  9:16  Roach x3  
  198  9:19  Overlord  
  198  9:22  Ravager  
  199  9:24  Burrow  
  199  9:34  Spore Crawler  
  199  9:35  Spore Crawler  
  197  9:42  Hydralisk Den  
  196  9:52  Roach x4  
  184  9:58  Roach x5  
  149  10:09  Spore Crawler  
  149  10:12  Spore Crawler  
Tags
 
Add a new tag
Caveats
  • Supply blocks, unpowered buildings, or Contaminate may cause inaccurate times.
  • Supply counts are checked every 10 seconds.